 Dungeon Crawl Stone Soup version 0.27-a0-1502-g47ed6a6988 (webtiles) character file.

Game seed: 16778208499514094424

153006 dolemite99 the Warrior (level 17, -4/153 (160) HPs)
             Began as a Hill Orc Fighter on July 9, 2021.
             Was the Champion of Beogh.
             Slain by Asterion (25 damage)
             ... on level 2 of the Spider Nest.
             The game lasted 01:03:29 (51016 turns).

dolemite99 the Warrior (Hill Orc Fighter)          Turns: 51016, Time: 01:03:29

HP:   -4/153 (160)  AC: 35    Str: 25 (26) XL:     17   Next: 59%
MP:   8/8           EV: 10    Int:  8      God:    Beogh [******]
Gold: 1446          SH:  0    Dex:  8 (9)  Spells: 16/16 levels left

rFire    + . .     SeeInvis .   a - +6 broad axe of Hais Xang {antimagic, rElec rF+ Str+3 Dex-4}
rCold    + . .     Faith    +   (no shield)
rNeg     . . .     Spirit   .   l - +5 plate armour {rC+}
rPois    +         Reflect  .   E - +2 helmet
rElec    +         Harm     .   V - +2 cloak
rCorr    +         Rampage  .   B - +1 pair of gloves {archery}
Will     +....                  C - +2 pair of boots
Stlth    ..........             M - amulet of faith
HPRegen  0.35/turn              L - ring of resist corrosion
MPRegen  0.11/turn              W - ring of poison resistance

@: very slightly contaminated, lightly drained, invisible
A: walk on water
a: Renounce Religion, Smiting, Recall Orcish Followers, Give Item to Named
Follower, Resurrection


You were on level 2 of the Spider Nest.
You worshipped Beogh.
Beogh was exalted by your worship.
You visited 4 branches of the dungeon, and saw 27 of its levels.
You visited 1 bazaar.

You collected 3852 gold pieces.
You spent 2406 gold pieces at shops.

Inventory:

Hand Weapons
 a - the +6 broad axe of Hais Xang (weapon) {antimagic, rElec rF+ Str+3 Dex-4}
   (You acquired it on level 3 of the Lair of Beasts)

   It reduces the magical energy of the wielder, and disrupts the spells and
   magical abilities of those hit.
   Natural abilities and divine invocations are not affected.
   Str:       It affects your strength (+3).
   Dex:       It affects your dexterity (-4).
   rF:        It protects you from fire.
   rElec:     It insulates you from electricity.
 b - a +3 longbow of flaming
 U - a +2 battleaxe of electrocution
Missiles
 f - 819 stones (quivered)
 p - 165 sling bullets
 y - 123 poisoned darts
 F - 296 arrows
 P - a curare-tipped dart
 S - 5 boomerangs of dispersal
Armour
 j - a +2 chain mail of poison resistance
 l - a +5 plate armour of cold resistance (worn)
 B - a +1 pair of gloves of archery (worn)
 C - a +2 pair of boots (worn)
 E - a +2 helmet (worn)
 V - a +2 cloak (worn)
Magical Staves
 q - a staff of death
Jewellery
 c - an amulet of the acrobat
 t - a ring of ice
 H - a ring of flight
 L - a ring of resist corrosion (left hand)
 M - an amulet of faith (around neck)
 T - a +4 ring of evasion
 W - a ring of poison resistance (right hand)
 X - a ring of ice
Wands
 d - a wand of acid (5)
 k - a wand of paralysis (10)
 m - a wand of flame (61)
 w - a wand of iceblast (11)
 N - a wand of polymorph (3)
Scrolls
 h - 4 scrolls of fear
 i - 4 scrolls of fog
 o - 7 scrolls of identify {@r1}
 s - 17 scrolls of teleportation
 z - 5 scrolls of magic mapping
 K - 2 scrolls of silence
 R - 2 scrolls of blinking
 Z - 2 scrolls of amnesia
Potions
 e - 3 potions of resistance
 n - 2 potions of cancellation
 u - 4 potions of curing
 x - 4 potions of flight
 A - 3 potions of degeneration
 D - 14 potions of ambrosia
 G - 2 potions of lignification
 I - 5 potions of haste
 O - 2 potions of might
 Q - 5 potions of attraction
 Y - a potion of brilliance


   Skills:
 - Level 16.8 Fighting
 + Level 16.0 Axes
 - Level 0.4(9.1) Maces & Flails
 - Level 15.0 Bows
 - Level 15.5 Armour
 - Level 11.5 Dodging
 - Level 3.2 Shields
 - Level 10.8 Invocations
 - Level 7.5 Evocations


You had 16 spell levels left.
You didn't know any spells.
Your spell library contained the following spells:

 Spells                   Type           Power      Damage    Failure   Level
 Animate Skeleton         Necr           0%         N/A       97%         1
 Apportation              Tloc           0%         N/A       97%         1
 Corona                   Hex            0%         N/A       97%         1
 Freeze                   Ice            0%         1d3       97%         1
 Magic Dart               Conj           0%         1d3       97%         1
 Pain                     Necr           0%         1d4       97%         1
 Shock                    Conj/Air       0%         1d3       97%         1
 Blink                    Tloc           N/A        N/A       99%         2
 Call Imp                 Summ           0%         N/A       99%         2
 Ensorcelled Hibernation  Hex/Ice        0%         N/A       99%         2
 Passwall                 Tmut/Erth      0%         N/A       99%         2
 Searing Ray              Conj           0%         3d3       99%         2
 Sublimation of Blood     Necr           0%         N/A       99%         2
 Wereblood                Tmut           0%         N/A       99%         2
 Conjure Flame            Conj/Fire      0%         6-21      100%        3
 Frozen Ramparts          Ice            0%         1d2       100%        3
 Ignite Poison            Fire/Tmut/Pois 0%         N/A       100%        3
 Mephitic Cloud           Conj/Pois/Air  0%         N/A       100%        3
 Swiftness                Air            0%         N/A       100%        3
 Tukima's Dance           Hex            0%         N/A       100%        3
 Vampiric Draining        Necr           0%         2d6       100%        3
 Airstrike                Air            0%         N/A       100%        4
 Animate Dead             Necr           0%         N/A       100%        4
 Fulminant Prism          Conj/Hex       0%         3d6       100%        4
 Hailstorm                Conj/Ice       0%         3d3       100%        4
 Iskenderun's Mystic Bla  Conj/Tloc      0%         2d3       100%        4
 Olgreb's Toxic Radiance  Pois           0%         N/A       100%        4
 Petrify                  Tmut/Erth      0%         N/A       100%        4
 Sticky Flame             Conj/Fire      0%         2d3       100%        4
 Summon Ice Beast         Ice/Summ       0%         N/A       100%        4
 Alistair's Intoxication  Tmut/Pois      0%         N/A       100%        5
 Blade Hands              Tmut           0%         N/A       100%        5
 Bolt of Magma            Conj/Fire/Erth 0%         4d4       100%        5
 Borgnjor's Vile Clutch   Necr/Erth      0%         N/A       100%        5
 Lee's Rapid Deconstruct  Erth           0%         3d5*      100%        5
 Manifold Assault         Tloc           0%         N/A       100%        5
 Metabolic Englaciation   Hex/Ice        0%         N/A       100%        5
 Summon Mana Viper        Hex/Summ       0%         N/A       100%        5
 Death Channel            Necr           0%         N/A       100%        6
 Invisibility             Hex            0%         N/A       100%        6
 Statue Form              Tmut/Erth      0%         N/A       100%        6
 Monstrous Menagerie      Summ           0%         N/A       100%        7
 Ozocubu's Refrigeration  Ice            0%         4d5       100%        7
 Storm Form               Tmut/Air       0%         N/A       100%        7
 Summon Hydra             Summ           0%         N/A       100%        7
 Ignition                 Fire           0%         3d3       100%        8


Dungeon Overview and Level Annotations

Branches:
Dungeon (15/15)            Temple (0/1) D:5            Lair (6/6) D:11
  Swamp (0/4) Lair:4       Spider (4/4) Lair:4        Slime (0/5) Lair:5
    Orc (2/2) D:10            Elf (0/3) Orc:2        Vaults (0/5) D:13
 Depths (0/5) D:15

Altars:
Ashenzari
Dithmenos
Elyvilon
Gozag
Hepliaklqana
Kikubaaqudgha
Makhleb
Qazlal
Ru
Trog
Uskayaw
Vehumet
Wu Jian
Yredelemnul
Zin
The Shining One
Beogh
Jiyva

Shops:
D:1 (   Orc:2 ?[*?

Annotations:
D:15 2 runed translucent doors, Laraso's ghost, journeyman SpAM
Lair:1 3 runed translucent doors, indyram44's ghost, journeyman GnIE
Lair:3 exclusion: oklob plant
Lair:6 2 transporters, exclusions: ice statue and oklob plant, Exaltedone87's ghost, journeyman DsFi
Spider:2 Asterion
Spider:4 Arachne


Message History

Asterion hits you with a +4 broad axe of electrocution!
* * * LOW HITPOINT WARNING * * *
Asterion barely misses you.
Something hits you but does no damage. x2
Something stings you but does no damage.
The tarantella bites you.
* * * LOW HITPOINT WARNING * * *
You are more confused.
Asterion hits you with a +4 broad axe of electrocution.
* * * LOW HITPOINT WARNING * * *
Asterion gores you but does no damage. Something hits you.
* * * LOW HITPOINT WARNING * * *
Something hits you but does no damage.
Something stings you but does no damage.
Drop what? 50/52 slots (_ for help) (? for menu, Esc to quit)
Drop what? 50/52 slots (_ for help) (? for menu, Esc to quit)
You drop 2 potions of berserk rage.
You feel sick.
The tarantella bites you but does no damage.
Asterion says, "Enter my house and I will deliver you from evil."
Asterion barely misses you. Asterion gores you but does no damage.
Something hits you!
* * * LOW HITPOINT WARNING * * *
Something completely misses you.
Something stings you but does no damage.
You are too confused!
You feel much better.
You feel sick. The tarantella bites you.
* * * LOW HITPOINT WARNING * * *
Asterion hits you but does no damage. Asterion gores you!
* * * LOW HITPOINT WARNING * * *
Something hits you.
* * * LOW HITPOINT WARNING * * *
Something hits you but does no damage. Something stings you!
* * * LOW HITPOINT WARNING * * *
You are lethally poisoned!
Something poisons you! The tarantella barely misses you.
Asterion hits you with a +4 broad axe of electrocution.
* * * LOW HITPOINT WARNING * * *
Asterion barely misses you.
You feel better. The tarantella closely misses you.
Asterion hits you with a +4 broad axe of electrocution!!
You die...

^..#..##..#.>.#^#.#
....######.....^..#
.....# #.........#
.#..######..#.....#
...#..##..#....####
...#.#..#.#.......#
...#.#..#.#..#....#
.....#..#...^..##H#
##........>.#...@{#
##..............s^#
.#........#...#...#
.^.......#........#
#....#......#.....#
...#.#........#...#
.......##......#..#
.............#..#.#
.#...#....#.[..#..#


You could see Asterion (fast) and a tarantella.

Vanquished Creatures
  Nikola (Spider:3)
  Donald (Spider:3)
  3 emperor scorpions
  An orc warlord (Orc:2)
  A ghost moth (Spider:3)
  An entropy weaver (Spider:3)
  The ghost of lunkers the Thaumaturge, a journeyman DjEE of Ashenzari (D:11)
  3 boulder beetles
  A vault guard (D:13)
  An ice dragon (Lair:6)
  Erolcha (Orc:1)
  6 hydras
  5 ogre magi
  2 centaur warriors
  16 two-headed ogres
  3 death knights
  5 death yaks (Lair:6)
  4 tengu warriors
  A fire crab (Lair:6)
  A skeletal warrior (D:15)
  A glowing orange brain (D:13)
  3 phantasmal warriors
  2 lindwurms
  3 wizards (D:13)
  A deep elf pyromancer (D:15)
  2 cyclopes
  An orc sorcerer (Orc:2)
  11 orb spiders
  24 wolf spiders
  A moth of wrath (Spider:3)
  4 ugly things
  A salamander (shapeshifter) (D:14)
  A stone giant skeleton (D:15)
  5 torpor snails (Lair:6)
  A black mamba (Lair:1)
  4 unseen horrors
  9 cane toads
  2 kobold demonologists
  3 rime drakes
  3 komodo dragons
  3 freezing wraiths
  3 tengu conjurers
  12 demonic crawlers
  26 jumping spiders
  Grinder (D:5)
  2 trolls
  A polar bear (Lair:6)
  5 meliai
  7 hornets
  A tyrant leech (Lair:6)
  5 slime creatures
  11 blink frogs
  4 dream sheep
  57 redbacks
  2 vampires
  5 wraiths
  2 wyverns
  30 yaks
  30 tarantellas
  22 humans
  A water elemental (D:15)
  A basilisk (Lair:2)
  2 fire bats (Lair:4)
  A steam dragon (D:8)
  4 hogs (D:7)
  3 small abominations (D:13)
  4 vampire mosquitoes
  A swamp worm (shapeshifter) (D:12)
  A warg (D:11)
  A swamp worm (Lair:4)
  An acid dragon (D:11)
  A floating eye (D:13)
  9 water moccasins
  11 orc warriors
  A sky beast (D:7)
  A hornet zombie (D:8)
  2 ice beasts
  A black bear (D:6)
  5 necrophages
  21 ogres
  4 wolves (Lair:3)
  8 centaurs
  2 phantoms
  3 kobold brigands
  4 bullfrogs
  4 scorpions
  24 killer bees
  15 wights
  A vampire bat (Orc:2)
  A howler monkey (D:11)
  2 electric eels
  2 bullfrog zombies
  5 centaur zombies
  A gnoll shaman (D:9)
  2 jellies
  8 orc priests
  2 bullfrog skeletons
  Ijyb (D:3)
  Jessica (D:3)
  2 scorpion zombies (D:4)
  6 iguanas
  8 orc wizards
  A killer bee zombie (D:5)
  A hound zombie (D:4)
  A hound skeleton (D:4)
  A howler monkey zombie (D:9)
  3 gnolls (D:9)
  3 adders
  2 shadow imps (D:6)
  A white imp (D:3)
  2 ufetubi
  An adder skeleton (D:5)
  2 adder zombies (D:4)
  3 worms
  6 dart slugs (D:3)
  15 orcs
  7 ball pythons
  8 bats
  7 endoplasms
  2 giant cockroaches
  10 goblins
  3 hobgoblins
  4 jackals
  14 kobolds
  2 quokkas
  3 rats
  A fungus (Lair:4)
650 creatures vanquished.

Vanquished Creatures (collateral kills)
  Josephine (D:15)
  An ogre mage (D:15)
  6 hydras
  A boulder beetle (D:15)
  A catoblepas (D:13)
  3 centaur warriors
  3 death knights
  10 two-headed ogres
  A tengu warrior (D:14)
  Nergalle (D:12)
  A phantasmal warrior (D:12)
  2 bog bodies (Lair:4)
  2 deep elf pyromancers
  An orc knight (Orc:2)
  2 cyclopes (D:14)
  A moth of wrath (Lair:4)
  2 oklob plants (D:11)
  A wolf spider (Lair:4)
  3 manticores
  A frost giant zombie (D:15)
  A black mamba (Lair:5)
  5 cane toads
  A torpor snail (Lair:6)
  3 rime drakes
  3 demonic crawlers (D:13)
  5 freezing wraiths
  6 komodo dragons
  A guardian mummy (D:15)
  3 jumping spiders (Lair:4)
  2 meliai (D:13)
  A queen bee (Lair:1)
  4 polar bears
  3 tyrant leeches (Lair:6)
  7 blink frogs
  A troll (D:12)
  4 hornets
  11 slime creatures
  A spriggan zombie (D:15)
  9 dream sheep
  2 shadows (D:13)
  5 redbacks (Lair:4)
  3 wyverns
  6 wraiths
  A water elemental (D:15)
  6 basilisks
  12 yaks
  A fire bat (Lair:4)
  A human zombie (D:15)
  A warg (Orc:2)
  2 swamp worms (Lair:4)
  3 acid dragons
  5 water moccasins
  3 black bears
  8 orc warriors
  20 ogres
  2 wolves (Lair:3)
  3 necrophages (Lair:3)
  2 centaurs
  3 kobold brigands (D:9)
  2 bullfrogs (Lair:5)
  2 scorpions
  10 killer bees
  An electric eel (Lair:5)
  4 orc priests
  4 orc wizards
  16 orcs
  2 bats (Orc:2)
  3 kobolds (D:9)
  A bush (Lair:4)
249 creatures vanquished.

Vanquished Creatures (others)
  An orc warlord (D:13)
  2 orc sorcerers
  An orc high priest (Orc:2)
  5 orc knights
  A necromancer (D:15)
  9 orc warriors
  A jumping spider (Spider:1)
  A hornet (Spider:4)
  7 orc wizards
  5 orc priests
  45 orcs
  23 fungi
  54 plants
  8 withered plants (D:15)
163 creatures vanquished.

Grand Total: 1062 creatures vanquished

Notes
Turn   | Place    | Note
-------+----------+-------------------------------------------
     0 | D:1      | dolemite99 the Hill Orc Fighter began the quest for the
                  | Orb.
     0 | D:1      | Reached XP level 1. HP: 19/19 MP: 1/1
    19 | D:1      | Found Gajaolamn's Antique Weapon Boutique.
   583 | D:1      | Reached XP level 2. HP: 26/26 MP: 2/2
   874 | D:1      | Found a faded altar of an unknown god.
  1175 | D:1      | Became a worshipper of Beogh the Brigand
  1175 | D:1      | Reached * piety under Beogh
  1722 | D:2      | Reached XP level 3. HP: 31/31 MP: 3/3
  1963 | D:2      | Reached skill level 5 in Axes
  2246 | D:3      | Found an ornate altar of the Wu Jian Council.
  2351 | D:3      | Noticed Jessica
  2369 | D:3      | Killed Jessica
  2370 | D:3      | Reached XP level 4. HP: 26/39 MP: 4/4
  2720 | D:3      | Reached ** piety under Beogh
  2900 | D:3      | Noticed Ijyb
  2915 | D:3      | Killed Ijyb
  2916 | D:3      | Reached XP level 5. HP: 21/45 MP: 5/5
  3486 | D:3      | Found a faded altar of an unknown god.
  3486 | D:3      | Found a faded altar of an unknown god.
  3486 | D:3      | Found a hazy altar of Hepliaklqana.
  3488 | D:3      | Found a faded altar of an unknown god.
  4200 | D:4      | Reached XP level 6. HP: 45/51 MP: 6/6
  4532 | D:4      | Found a basalt altar of Yredelemnul.
  4686 | D:5      | Entered Level 5 of the Dungeon
  4730 | D:5      | Noticed Grinder
  4740 | D:5      | Killed Grinder
  4741 | D:5      | Reached skill level 10 in Axes
  4741 | D:5      | Reached XP level 7. HP: 48/57 MP: 7/7
  4793 | D:5      | Found a sacrificial altar of Ru.
  5397 | D:5      | Reached *** piety under Beogh
  5403 | D:5      | Reached skill level 1 in Invocations
  5404 | D:5      | Reached XP level 8. HP: 56/64 MP: 7/9
  5507 | D:5      | Found a stormy altar of Qazlal.
  5662 | D:5      | Found a radiant altar of Vehumet.
  5764 | D:5      | Found a staircase to the Ecumenical Temple.
  5795 | D:5      | Reached skill level 5 in Invocations
  6269 | D:6      | Reached skill level 1 in Bows
  6441 | D:6      | Reached XP level 9. HP: 69/70 MP: 14/14
  7137 | D:6      | Reached skill level 5 in Bows
  8400 | D:6      | Identified a scroll of acquirement
  8400 | D:6      | Acquired 797 gold pieces
  8944 | D:7      | Reached skill level 5 in Fighting
  8949 | D:7      | Reached XP level 10. HP: 55/81 MP: 15/15
  8954 | D:7      | Reached skill level 5 in Armour
  9210 | D:7      | Found the +2 cloak of the Thief {*Fog Slay-2 SInv Stlth+}
 10974 | D:8      | Gained Okrist as an ally
 10988 | D:8      | Reached **** piety under Beogh
 11059 | D:8      | Noticed a two-headed ogre
 11067 | D:8      | Killed a two-headed ogre
 12359 | D:9      | Found a hide-covered altar of Uskayaw.
 12360 | D:9      | Found an ancient bone altar of Kikubaaqudgha.
 12420 | D:9      | Found a glowing silver altar of Zin.
 12428 | D:9      | Found a broken altar of Ashenzari.
 12432 | D:9      | Found a burning altar of Makhleb.
 13219 | D:9      | Noticed a cyan ugly thing
 13227 | D:9      | Killed a cyan ugly thing
 13228 | D:9      | Reached XP level 11. HP: 94/94 MP: 1/16
 13236 | D:9      | Your ally Okrist died
 13248 | D:9      | Noticed a seven-headed hydra
 13253 | D:9      | Noticed a boulder beetle
 13281 | D:8      | Killed a five-headed hydra
 13658 | D:9      | Paralysed by a hornet for 1 turns
 13661 | D:9      | Paralysed by a hornet for 2 turns
 14254 | D:10     | Entered Level 10 of the Dungeon
 14861 | D:10     | Found a staircase to the Orcish Mines.
 15024 | D:10     | Found a roughly hewn altar of Beogh.
 15122 | D:10     | Found an opulent altar of Gozag.
 15226 | D:10     | Found a shadowy altar of Dithmenos.
 15238 | D:10     | Noticed a two-headed ogre
 15246 | D:10     | Killed a two-headed ogre
 15623 | D:11     | Noticed a two-headed ogre
 15636 | D:11     | Killed a two-headed ogre
 15893 | D:11     | Noticed an oklob plant
 15893 | D:11     | Noticed an oklob plant
 15893 | D:11     | Noticed a cyclops
 15911 | D:11     | Killed a cyclops
 16146 | D:11     | Noticed a two-headed ogre
 16155 | D:11     | Killed a two-headed ogre
 16445 | D:11     | Found a runed translucent gate.
 16446 | D:11     | Found a runed translucent gate.
 16446 | D:11     | Found a runed translucent gate.
 16447 | D:11     | Noticed lunkers's ghost (journeyman DjEE)
 16457 | D:11     | Found a roughly hewn altar of Beogh.
 16476 | D:11     | Killed lunkers's ghost
 16477 | D:11     | Reached XP level 12. HP: 99/104 MP: 5/19
 16484 | D:11     | Reached skill level 10 in Invocations
 16630 | D:11     | Identified the +4 scale mail "Linu" {Str+3}
 16664 | D:11     | Noticed a two-headed ogre
 16673 | D:11     | Killed a two-headed ogre
 17043 | D:11     | Found a roughly hewn altar of Beogh.
 17590 | D:11     | Gained Boghold as an ally
 17765 | D:11     | Found a staircase to the Lair.
 17809 | D:11     | Reached skill level 10 in Fighting
 18236 | Lair:1   | Entered Level 1 of the Lair of Beasts
 18306 | Lair:1   | Your ally Boghold died
 18961 | Lair:1   | Found a runed translucent gate.
 18961 | Lair:1   | Found a runed translucent gate.
 18970 | Lair:1   | Found a runed translucent gate.
 19173 | Lair:1   | Reached skill level 15 in Axes
 19228 | Lair:1   | You fall into a shaft and drop 1 floor!
 19254 | Lair:2   | Gained Warbeogh as an ally
 19257 | Lair:2   | Reached ***** piety under Beogh
 19984 | Lair:1   | Noticed indyram44's ghost (journeyman GnIE)
 20451 | Lair:2   | Reached XP level 13. HP: 107/115 MP: 21/21
 20979 | Lair:3   | Acquired the +6 broad axe of Hais Xang {antimagic, rElec
                  | rF+ Str+3 Dex-4}
 22320 | Lair:4   | Reached skill level 10 in Armour
 22880 | Lair:4   | Found a hole to the Spider Nest.
 23274 | Lair:4   | Found a staircase to the Swamp.
 23286 | Lair:4   | Reached skill level 1 in Evocations
 24198 | Lair:5   | Found a viscous altar of Jiyva.
 24198 | Lair:5   | Found a staircase to the Slime Pits.
 25066 | D:12     | Reached skill level 5 in Evocations
 25111 | D:12     | Reached XP level 14. HP: 125/129 MP: 22/22
 25146 | D:12     | You fall into a shaft and drop 2 floors!
 25299 | D:12     | Noticed Nergalle
 25306 | D:12     | Killed Nergalle
 26550 | D:12     | Found a gateway to a bazaar.
 26556 | Bazaar   | Entered a bazaar
 26586 | Bazaar   | Found Cyt Hil's Book Boutique.
 26636 | Bazaar   | Found Reboc's Magic Scroll Emporium.
 26687 | Bazaar   | Found Poblacra's Magic Scroll Emporium.
 26744 | Bazaar   | Found Xeoxic's Assorted Antiques.
 27011 | Bazaar   | Bought a manual of Bows for 560 gold pieces
 27011 | Bazaar   | Bought a manual of Dodging for 560 gold pieces
 27055 | Bazaar   | Bought a scroll of fear for 31 gold pieces
 27055 | Bazaar   | Bought a scroll of magic mapping for 31 gold pieces
 27055 | Bazaar   | Bought a scroll of enchant armour for 67 gold pieces
 27055 | Bazaar   | Bought a scroll of silence for 67 gold pieces
 27113 | Bazaar   | Bought a scroll of blinking for 157 gold pieces
 27113 | Bazaar   | Bought a scroll of teleportation for 63 gold pieces
 27113 | Bazaar   | Bought 2 potions of curing for 126 gold pieces
 27164 | Bazaar   | Bought a scroll of teleportation for 45 gold pieces
 27164 | Bazaar   | Bought a scroll of teleportation for 45 gold pieces
 27164 | Bazaar   | Bought a scroll of enchant armour for 112 gold pieces
 27164 | Bazaar   | Bought a scroll of enchant armour for 112 gold pieces
 27243 | D:12     | Reached skill level 1 in Dodging
 28010 | D:13     | Reached skill level 5 in Dodging
 29061 | D:13     | Noticed Nessos
 29062 | D:13     | Nessos changed into something unseen
 29072 | D:13     | Killed Nessos the unseen horror
 29516 | D:13     | Your ally Warbeogh died
 29844 | D:13     | Got the Papyrus of the Mutagenic Glacier
 29902 | D:13     | Reached skill level 10 in Bows
 30299 | D:13     | Found a gate to the Vaults.
 30885 | Lair:6   | Entered Level 6 of the Lair of Beasts
 31102 | Lair:6   | Gained Syrus as an ally
 31106 | Lair:6   | Gained Bogbarth as an ally
 31107 | Lair:6   | Reached XP level 15. HP: 83/136 MP: 7/23
 31589 | Lair:6   | Noticed Exaltedone87's ghost (journeyman DsFi)
 31843 | Lair:6   | Your ally Syrus died
 31881 | Lair:6   | Found a transporter.
 32082 | Lair:6   | Found a transporter.
 32483 | Lair:6   | Found a runed translucent door.
 32489 | Lair:6   | Gained Zorug as an ally
 32686 | Lair:6   | Paralysed by a hornet for 3 turns
 32715 | Lair:6   | Gained Borgun as an ally
 33971 | D:14     | Found a glowing silver altar of Zin.
 33971 | D:14     | Found a glowing golden altar of the Shining One.
 33972 | D:14     | Found a white marble altar of Elyvilon.
 34006 | D:14     | Reached skill level 10 in Dodging
 34382 | D:14     | Your ally Bogbarth died
 34383 | D:14     | Your ally Zorug died
 34853 | D:14     | Your ally Borgun died
 35463 | D:15     | Entered Level 15 of the Dungeon
 36108 | Orc:1    | Entered Level 1 of the Orcish Mines
 36167 | Orc:1    | Found a burning altar of Makhleb.
 36220 | Orc:1    | Noticed Erolcha
 36228 | Orc:1    | Killed Erolcha
 36510 | Orc:2    | Entered Level 2 of the Orcish Mines
 36521 | Orc:2    | Paralysed by an orc sorcerer for 2 turns
 36793 | Orc:2    | Paralysed by something for 2 turns
 37564 | Orc:2    | Paralysed by an ogre mage for 5 turns
 37821 | Orc:2    | Gained Wargath as an ally
 37855 | Orc:2    | Gained Arbeogh as an ally
 38400 | Orc:2    | Reached skill level 15 in Bows
 38400 | Orc:2    | Reached XP level 16. HP: 142/144 MP: 15/24
 38466 | Orc:2    | Found Kaepilocs's Magic Scroll Boutique.
 38466 | Orc:2    | Found Ryiss's Armour Shoppe.
 38498 | Orc:2    | Found a bloodstained altar of Trog.
 38513 | Orc:2    | Gained Wargrak as an ally
 38668 | Orc:2    | Found Barchear's Magic Scroll Shop.
 38668 | Orc:2    | Found Ewuen's Assorted Antiques.
 38676 | Orc:2    | Bought a +0 pair of gloves of archery for 115 gold pieces
 38784 | Orc:2    | Found a staircase to the Elven Halls.
 39211 | Orc:2    | Bought a scroll of blinking for 75 gold pieces
 39333 | Orc:2    | Bought a scroll of teleportation for 30 gold pieces
 39333 | Orc:2    | Bought a scroll of teleportation for 30 gold pieces
 39333 | Orc:2    | Bought a scroll of teleportation for 30 gold pieces
 39333 | Orc:2    | Bought a scroll of teleportation for 30 gold pieces
 39334 | Orc:2    | Bought a scroll of fear for 35 gold pieces
 39334 | Orc:2    | Bought a scroll of magic mapping for 35 gold pieces
 39334 | Orc:2    | Bought a scroll of teleportation for 30 gold pieces
 39334 | Orc:2    | Bought a scroll of fog for 20 gold pieces
 39699 | D:15     | Noticed Josephine
 39703 | D:15     | Killed Josephine
 39922 | D:15     | Found a staircase to the Depths.
 40518 | D:15     | Reached skill level 15 in Fighting
 40850 | D:15     | Found a large runed translucent door.
 40851 | D:15     | Found a large runed translucent door.
 40853 | D:15     | Noticed Laraso's ghost (journeyman SpAM)
 40862 | D:15     | Identified the +8 great mace "Jiyll" {pain, rF+ Int+5
                  | Dex+4}
 41414 | Spider:1 | Entered Level 1 of the Spider Nest
 41519 | Lair:4   | Reached ****** piety under Beogh
 45058 | Spider:2 | Reached XP level 17. HP: 116/160 MP: 8/25
 46630 | Spider:3 | Noticed Nikola
 46653 | Spider:3 | Killed Nikola
 48725 | Spider:3 | Reached skill level 15 in Armour
 48894 | Spider:4 | Entered Level 4 of the Spider Nest
 48898 | Spider:4 | Noticed Arachne
 48899 | Spider:4 | Identified the +2 kite shield "Barasoab" {rN++ Will- rCorr}
 48899 | Spider:4 | Noticed Asterion
 49895 | Spider:4 | Noticed Donald
 50245 | Spider:3 | Killed Donald
 51005 | Spider:3 | Noticed an Executioner
 51016 | Spider:2 | Slain by Asterion

Illustrated notes

Levels and vault maps discovered:
D:1:      giann_bridges, layout_basic, serial_shops, nicolae_square_shop,
          shapermc_ecumenical_altar_ellora, interstate_on_off
D:2:      layout_basic, minmay_three_crescents
D:3:      kennysheep_slugbush, layout_loops_corners,
          nicolae_hepliaklqana_ecumenical_no_more, mainiacjoe_overflow_chevrons,
          minmay_misc_feat_cross, uniq_ijyb, uniq_jessica
D:4:      layout_loops_ring, nicolae_yredelemnul_corpse_copse
D:5:      layout_rooms, lemuel_crystal_altar, amcnicky_altar_gilded,
          mainiacjoe_overflow_tiny_flanked, minmay_temple_entry_waves,
          uniq_grinder
D:6:      minmay_chambers_of_threes, layout_basic
D:7:      layout_basic, grunt_livestock
D:8:      layout_basic, hangedman_decor_clover_reticule
D:9:      minmay_bloctagon, layout_irregular_city, minitemple,
          chequers_temple_overflow_statue_of_worship
D:10:     layout_basic, nicolae_gozag_seed_capital,
          mainiacjoe_overflow_small_starburst, minmay_orc_entry_temple_small,
          minmay_misc_feat_five
D:11:     layout_loops_ring, dpeg_oklobed_lair, special_room [special_room_orc],
          biasface_ghost_orc_armoury
D:12:     nzn_winding_woodlands_medium [nzn_winding_woodlands_5x5_default,
          nzn_winding_woodlands_5x15_crooked, nzn_winding_woodlands_5x5_three,
          nzn_winding_woodlands_5x5_perimeter,
          nzn_winding_woodlands_center_diamonds,
          nzn_winding_woodlands_5x5_cross,
          nzn_winding_woodlands_5x5_checkerboard,
          nzn_winding_woodlands_5x15_twine, nzn_winding_woodlands_5x5_default],
          layout_layer_cave, serial_shops, bzr_entry_safe,
          minmay_misc_feat_plants, uniq_nergalle
D:13:     cheibrodos_hippocracy, layout_irregular_city,
          grunt_vaults_entry_tiered, uniq_nessos
D:14:     layout_irregular_city, good_gods_mini_temple,
          kennysheep_generic_room_2
D:15:     gammafunk_depths_entry_grave, layout_gridville,
          ebering_ghost_disaster_area, serial_bayou_shore_a,
          minmay_misc_feat_rows, uniq_josephine
Lair:1:   layout_roguey [special_room_bee], gammafunk_ghost_split
Lair:2:   layout_cave_pods
Lair:3:   layout_hall_layers, roderic_carrion_pond, lemuel_fruit_fields,
          minmay_lair_oklob_chamber, grunt_megastairs_2
Lair:4:   layout_cave_shapes, nicolae_swamp_entry_splash_gauntlet,
          dummy_spider_entry, nicolae_volcano_entry_batcave,
          guppyfry_lair_drakes
Lair:5:   layout_gridlike, slime_altar_1, gammafunk_lair_bear_cave
Lair:6:   wormcave, layout_gridlike, nzn_ghost_randoct
Spider:1: layout_spider_delve
Spider:2: layout_spider_delve, nicolae_spider_shape
Spider:3: layout_spider_delve, uniq_nikola
Spider:4: grunt_spider_rune_circles, nicolae_spider_bug_shape, uniq_asterion,
          uniq_donald, uniq_arachne
Orc:1:    layout_diamond_mine, basic_altar, uniq_erolcha
Orc:2:    st_orc_ogre_mass, layout_caves, basic_altar, roderic_batcave

Skill      XL: |  1  2  3  4  5  6  7  8  9 10 11 12 13 14 15 16 17 |
---------------+----------------------------------------------------+-----
Axes           | 3 4 5 6 8 10 11 13 16 | 16.0
Invocations    | 1 7 9 10 | 10.8
Bows           | 3 6 8 12 15 | 15.0
Fighting       | 5 8 9 10 13 16 | 16.8
Armour         | 4 7 8 9 10 11 12 15 | 15.5
Evocations     | 5 7 |  7.5
Dodging        | 7 11 | 11.5
Maces & Flails | |  0.4
Shields        | |  3.2

Action                   |  1- 3 |  4- 6 |  7- 9 | 10-12 | 13-15 | 16-18 || total
-------------------------+-------+-------+-------+-------+-------+-------++-------
Melee: War axe           |    73 |   152 |    99 |   361 |   101 |       ||   786
       Hand axe          |       |       |    76 |       |       |       ||    76
       Shortbow          |       |       |       |     1 |       |       ||     1
       Broad axe         |       |       |       |       |   306 |   237 ||   543
       Longbow           |       |       |       |       |     4 |       ||     4
 Fire: Shortbow          |       |       |   138 |   333 |   263 |       ||   734
       Longbow           |       |       |       |       |   195 |   450 ||   645
Throw: Stone             |    39 |    36 |    11 |    25 |    11 |     8 ||   130
Invok: Smiting           |       |       |     5 |    20 |    36 |    21 ||    82
       Recall Orcish Fol |       |       |       |     3 |    12 |     5 ||    20
       Give Item to Name |       |       |       |       |     2 |     2 ||     4
Evoke: Wand              |       |       |       |     3 |    14 |    20 ||    37
  Use: Scroll            |       |     4 |    12 |    14 |    16 |     3 ||    49
       Potion            |       |     1 |     1 |       |     6 |    12 ||    20
 Stab: Distracted        |       |       |       |     3 |     1 |       ||     4
       Confused          |       |       |       |     1 |       |       ||     1
       Invisible         |       |       |       |       |     2 |     1 ||     3
Armor: Scale mail        |     7 |       |       |       |       |       ||     7
       Chain mail        |    34 |    80 |   117 |    34 |       |   234 ||   499
       Plate armour      |       |       |       |   349 |   519 |   365 ||  1233
Dodge: Dodged            |    15 |    29 |    64 |   197 |   398 |   562 ||  1265
Block: Kite shield       |    46 |    54 |    15 |       |       |       ||   115

Table legend: (Time is in decaauts)
 A = Elapsed time spent in this place.
 B = Non-inter-level travel time spent in this place.
 C = Inter-level travel time spent in this place.
 D = Time resting spent in this place.
 E = Time spent auto-exploring this place.
 F = Levels seen in this place.
 G = Mean time per level.
                   A        B        C        D        E       F      G
               +--------+--------+--------+--------+--------+-----+--------+
         Total |  50797 |  48417 |   2380 |  19187 |  21872 |  28 | 1814.2 |
       Dungeon |  27822 |  26901 |    921 |   9964 |  12812 |  15 | 1854.8 |
          Lair |  10468 |   9791 |    677 |   2942 |   5369 |   6 | 1744.7 |
   Spider Nest |   8629 |   8017 |    612 |   4849 |   2188 |   4 | 2157.2 |
  Orcish Mines |   3238 |   3069 |    169 |   1431 |   1063 |   2 | 1619.0 |
        Bazaar |    638 |    638 |      0 |      0 |    439 |   1 |  638.0 |
               +--------+--------+--------+--------+--------+-----+--------+

Top non-repeatable levels by time:
Spider:3: 3916 daAuts
    D:13: 3373 daAuts
Spider:2: 2803 daAuts
    D:11: 2760 daAuts
     D:6: 2624 daAuts
  Lair:6: 2443 daAuts
  Lair:4: 2351 daAuts
    D:14: 2341 daAuts
     D:8: 2116 daAuts
    D:12: 2004 daAuts
     D:9: 1980 daAuts
Spider:1: 1879 daAuts
  Lair:3: 1681 daAuts
   Orc:1: 1672 daAuts
  Lair:1: 1666 daAuts
